 Dungeon Crawl Stone Soup version 0.24.0-28-g17ded55e90 (webtiles) character file.

Game seed: 1684456001939217498, levelgen mode: deterministic

1547 Empheia the Chopper (level 8, -3/70 HPs)
             Began as a Minotaur Fighter on Nov 10, 2019.
             Was an Elder of Elyvilon.
             Killed from afar by an electric eel (8 damage)
             ... with a bolt of electricity
             ... on level 6 of the Dungeon on Nov 11, 2019.
             The game lasted 00:43:26 (4832 turns).

Empheia the Chopper (Minotaur Fighter)              Turns: 4832, Time: 00:43:27

Health: -3/70      AC:  7    Str: 23    XL:     8   Next: 57%
Magic:  9/9        EV:  9    Int:  5    God:    Elyvilon [****..]
Gold:   285        SH: 10    Dex: 10    Spells: 7/7 levels left

rFire    . . .     SeeInvis .   D - +0 flail (crush)
rCold    + . .     Gourm    .   c - +0 shield
rNeg     . . .     Faith    .   b - +0 scale mail
rPois    .         Spirit   .   (helmet restricted)
rElec    .         Reflect  .   (no cloak)
rCorr    .         Harm     .   (no gloves)
MR       .....                  (no boots)
Stlth    ..........             (no amulet)
HPRegen  0.21/turn              n - ring of protection from cold
MPRegen  0.11/turn              (no ring)

@: no status effects
A: retaliatory headbutt, horns 2
a: Lesser Healing, Heal Other, Purification, Greater Healing, Divine Protection,
Renounce Religion


You were on level 6 of the Dungeon.
You worshipped Elyvilon.
Elyvilon was greatly pleased with you.
You were near starving.

You visited 1 branch of the dungeon, and saw 6 of its levels.

You collected 285 gold pieces.

Inventory:

Hand Weapons
 a - a +0 war axe
 q - a +1 hunting sling of flaming
 x - a +0 trident
 D - a +0 flail of crushing (weapon)
Missiles
 h - 49 arrows
 u - 154 stones (quivered)
 y - 60 bolts
Armour
 b - a +0 scale mail (worn)
 c - a +0 shield (worn)
 B - a +0 chain mail
Jewellery
 n - a ring of protection from cold (left hand)
Scrolls
 e - 2 scrolls of teleportation
 g - 2 scrolls of magic mapping
 i - 2 scrolls of identify
 k - 6 scrolls of remove curse
 l - 2 scrolls of amnesia {unknown}
 p - 4 scrolls of immolation
 t - a scroll of enchant weapon {unknown}
 v - a scroll of fear {unknown}
 C - 2 scrolls of blinking
Potions
 d - 2 potions of might
 j - a potion of heal wounds
 m - 4 potions of lignification
 o - 2 potions of resistance
 s - 2 potions of curing {unknown}
 z - 2 potions of berserk rage
 A - a potion of flight {unknown}
Comestibles
 f - 9 rations


   Skills:
 + Level 6.0 Fighting
 + Level 6.7(7.2) Axes
 + Level 3.6(5.6) Maces & Flails
 + Level 0.1 Throwing
 * Level 6.4 Armour
 + Level 3.4 Dodging
 + Level 0.3 Stealth
 + Level 6.2 Shields
 - Level 2.9 Invocations


You had 7 spell levels left.
You didn't know any spells.
Your spell library contained the following spells:

 Spells                   Type           Power        Failure   Level  Hunger
 Magic Dart               Conj           #...         98%         1    ##.....
 Searing Ray              Conj           #.....       99%         2    ###....
 Dazzling Spray           Conj/Hex       #.....       100%        3    ####...
 Force Lance              Conj/Tloc      #.......     100%        4    #####..
 Fulminant Prism          Conj/Hex       #.........   100%        4    #####..
 Iskenderun's Mystic Bla  Conj           #.......     100%        4    #####..


Dungeon Overview and Level Annotations

Branches:
Dungeon (6/15)             Temple (0/1) D:6

Altars:
Elyvilon
Fedhas
The Shining One

Annotations:
D:6 TheWoodenMan's ghost, novice DrTm


Innate Abilities, Weirdness & Mutations

You reflexively headbutt those who attack you in melee.
You have a pair of horns on your head.


Message History

TheWoodenMan's ghost is heavily damaged.
TheWoodenMan's ghost hits you!
* * * LOW HITPOINT WARNING * * *
You sock TheWoodenMan's ghost! You headbutt TheWoodenMan's ghost!
TheWoodenMan's ghost is almost destroyed.
TheWoodenMan's ghost closely misses you.
You hit TheWoodenMan's ghost.
TheWoodenMan's ghost is almost destroyed.
TheWoodenMan's ghost hits you but does no damage.
You hit TheWoodenMan's ghost.
TheWoodenMan's ghost is almost destroyed.
Your surroundings suddenly seem different.
The electric eel shoots out a bolt of lightning at you!
The bolt of electricity hits you! Elyvilon protects you from harm!
The electric eel shoots out a bolt of lightning at you!
The bolt of electricity misses you.
The electric eel shoots out a bolt of lightning at you!
The bolt of electricity hits you!
You die...

.##.#...###.#######
.......##......(..##
..#.##.##.#######..#
..#.##.##.# ##.##
.......##.# #..#
#<#.#####.# ####.###
....# #.# #......## #.###
#.######.###...#
................@.......#
....................$...#
........................#
≈≈≈≈≈≈≈≈≈≈≈;≈≈≈≈≈≈≈≈≈≈≈≈#
≈≈≈≈≈≈≈≈≈≈≈≈≈≈≈≈≈≈≈≈≈≈≈≈#
≈≈≈≈≈≈≈≈#####≈≈≈≈≈≈≈≈≈#
######### #≈≈≈;≈≈≈≈≈#
#≈≈≈≈≈≈≈≈≈ #≈≈≈≈≈≈≈≈


You could see 2 electric eels.

Vanquished Creatures
  Menkaure (D:6)
  Edmund (D:4)
  2 sky beasts
  An ogre (D:4)
  A phantom (D:5)
  A centaur (D:5)
  A bullfrog (D:6)
  A vampire bat (D:5)
  A howler monkey (D:5)
  A crimson imp (D:5)
  3 orc priests
  A gnoll shaman (D:5)
  2 hounds
  2 orc wizards
  A bullfrog skeleton (D:6)
  An iguana (D:3)
  2 worker ants (D:4)
  A killer bee zombie (D:5)
  A worker ant zombie (D:6)
  11 gnolls
  2 adders
  A shadow imp (D:5)
  An ooze (D:1)
  An adder skeleton (D:5)
  5 worms
  A dart slug (D:3)
  3 fire bats (D:5)
  4 leopard geckos
  11 orcs
  2 spectral bats (D:5)
  14 bats
  3 bat skeletons (D:5)
  A bat zombie (D:5)
  7 giant cockroaches
  8 goblins
  4 hobgoblins
  2 jackals (D:2)
  9 kobolds
  6 quokkas
  A bat simulacrum (D:5)
  4 frilled lizards
  7 rats
133 creatures vanquished.

Vanquished Creatures (others)
  An adder (D:6)
  A goblin (D:6)
2 creatures vanquished.

Grand Total: 135 creatures vanquished

Notes
Turn   | Place    | Note
-------+----------+-------------------------------------------
     0 | D:1      | Empheia the Minotaur Fighter began the quest for the Orb.
     0 | D:1      | Reached XP level 1. HP: 19/19 MP: 0/0
    84 | D:1      | Reached XP level 2. HP: 27/27 MP: 1/1
   586 | D:2      | Reached XP level 3. HP: 33/33 MP: 2/2
   762 | D:2      | Found a white marble altar of Elyvilon.
   786 | D:2      | Became a worshipper of Elyvilon the Healer
  1276 | D:2      | Reached * piety under Elyvilon
  1279 | D:2      | Found a blossoming altar of Fedhas.
  1279 | D:2      | Found a glowing golden altar of the Shining One.
  1558 | D:3      | Reached XP level 4. HP: 39/40 MP: 3/3
  1631 | D:3      | Elyvilon protects you from harm!
  2014 | D:3      | Reached XP level 5. HP: 47/47 MP: 4/4
  2039 | D:3      | Reached skill level 1 in Dodging
  2276 | D:3      | Reached XP level 6. HP: 39/53 MP: 5/5
  2424 | D:3      | Reached ** piety under Elyvilon
  2542 | D:4      | Reached skill level 5 in Shields
  2578 | D:4      | Reached skill level 5 in Axes
  2578 | D:4      | Reached skill level 5 in Armour
  2578 | D:4      | Reached skill level 1 in Invocations
  2598 | D:4      | Noticed a sky beast
  2612 | D:4      | Killed a sky beast
  2826 | D:4      | Reached skill level 5 in Fighting
  2826 | D:4      | Reached XP level 7. HP: 49/61 MP: 7/7
  2986 | D:4      | Noticed Edmund
  2997 | D:4      | Killed Edmund
  3249 | D:4      | Upgraded the game from 0.24.0-13-gcf9b3192b9 to
                  | 0.24.0-28-g17ded55e90
  3257 | D:5      | Entered Level 5 of the Dungeon
  3294 | D:5      | Reached skill level 1 in Maces & Flails
  3382 | D:5      | Reached XP level 8. HP: 40/69 MP: 9/9
  3569 | D:5      | Reached *** piety under Elyvilon
  4145 | D:6      | Noticed Menkaure
  4154 | D:6      | Killed Menkaure
  4477 | D:6      | Found a runed translucent gate.
  4477 | D:6      | Found a runed translucent gate.
  4477 | D:6      | Found a runed translucent gate.
  4478 | D:6      | Noticed TheWoodenMan's ghost (novice DrTm)
  4776 | D:6      | Found a staircase to the Ecumenical Temple.
  4777 | D:6      | Reached **** piety under Elyvilon
  4831 | D:6      | Elyvilon protects you from harm!
  4832 | D:6      | Killed from afar by an electric eel

Levels and vault maps discovered:
D:1:      ncdulo_wetmaze, layout_loops_ring
D:2:      layout_basic, grunt_temple_overflow_open, first_ration,
          mrwooster_statue_mirror, elyvilon_altar_3
D:3:      layout_rooms
D:4:      layout_basic, hangedman_minor_gate_pass, uniq_edmund
D:5:      layout_gridville, minmay_misc_feat_square, goddamned_bats
D:6:      minmay_goblin_kobold_castle, layout_loops_ring, temple_green,
          ebering_ghost_rock_garden, minmay_misc_feat_five, uniq_menkaure

Skill      XL: |  1  2  3  4  5  6  7  8 |
---------------+-------------------------+-----
Shields        | 4 5 6 |  6.2
Armour         | 4 5 6 |  6.4
Fighting       | 4 5 6 |  6.0
Axes           | 3 4 5 6 |  6.7
Dodging        | 1 2 3 |  3.4
Invocations    | 1 2 |  2.9
Maces & Flails | 1 3 |  3.6
Throwing       | |  0.1
Stealth        | |  0.3

Action                   |  1- 3 |  4- 6 |  7- 9 || total
-------------------------+-------+-------+-------++-------
Melee: War axe           |   101 |    94 |    18 ||   213
       Headbutt          |    16 |    16 |    29 ||    61
       Flail             |       |       |   167 ||   167
Throw: Stone             |       |       |     9 ||     9
Invok: Lesser Healing    |       |       |    10 ||    10
  Use: Scroll            |     3 |     2 |     4 ||     9
       Potion            |       |       |     1 ||     1
  Eat: Chunk             |     2 |     4 |     7 ||    13
Armor: Scale mail        |    22 |       |    16 ||    38
       Ring mail         |     9 |    32 |    74 ||   115
Dodge: Dodged            |    31 |    33 |    99 ||   163
Block: Shield            |    49 |    39 |   121 ||   209
